 Seeded DCSS version 0.30.1 (webtiles) character file.

Game seed: 2982770835899368061 (custom seed)

79 CInkIbrahim the Slasher (level 4, -6/39 HPs)
             Began as an Armataur Berserker on July 10, 2023.
             Was a Believer of Trog.
             Mangled by an iron imp (8 damage)
             ... on level 3 of the Dungeon.
             The game lasted 00:01:41 (1202 turns).

CInkIbrahim the Slasher (Armataur Berserker)        Turns: 1202, Time: 00:01:41

Health: -6/39      AC:  4    Str: 22    XL:     4   Next: 17%
Magic:  4/4        EV:  9    Int:  7    God:    Trog [**....]
Gold:   83         SH:  0    Dex: 12    Spells: 3/3 levels left

rFire   . . .        a - +2 falchion (vamp)
rCold   . . .        (no shield)
rNeg    . . .        b - +0 animal skin
rPois   .            (no helmet)
rElec   .            (no cloak)
rCorr   .            (no gloves)
SInv    .            (no barding)
Will    .....        (no amulet)
Stlth   +            (no ring)
HPRegen 0.26/turn    (no ring)
MPRegen 0.09/turn

%: roll
@: no status effects
A: large, rugged brown scales 3, deformed body, armoured tail, roll, long
tongue, awkward tongue
a: Renounce Religion, Berserk, Trog's Hand


You were on level 3 of the Dungeon.
You worshipped Trog.
Trog was pleased with you.
You visited 1 branch of the dungeon, and saw 3 of its levels.

You collected 83 gold pieces.

Inventory:

Hand Weapons
 a - a +2 vampiric falchion (weapon)
Armour
 b - a +0 animal skin (worn)
Scrolls
 f - a scroll of identify {unknown}
 h - a scroll of fog
 i - a scroll of fear {unknown}
 j - a scroll of teleportation
Potions
 c - 2 potions of curing {unknown}
 d - a potion of invisibility {unknown}
 e - a potion of brilliance {unknown}
 g - a potion of might {unknown}


   Skills:
 - Level 2.6 Fighting
 + Level 4.6 Long Blades
 - Level 2.4 Armour
 - Level 1.3 Dodging


You had 3 spell levels left.
You didn't know any spells.
Your spell library was empty.

Dungeon Overview and Level Annotations

Branches:
Dungeon (3/15)

Altars:
Makhleb

Shops:
D:1 =:


Innate Abilities, Weirdness & Mutations

You are completely covered in rugged brown scales. (AC +3, +7% HP)
Armour fits poorly on your strangely shaped body.
You have a long armoured tail.
You roll when moving toward enemies. (Rampage)
Your long tongue fully drains potion bottles. (2x potion effects)
Your tongue gives you trouble enunciating. (1.5x scroll delay)


Message History

You tail-slap the iron imp.
The iron imp is severely wounded.
You slash the iron imp!
You kill the iron imp!
Trog accepts your kill.
You have reached level 4!
You feel agile.
You hit the iron imp.
The iron imp is moderately wounded.
You roll towards the iron imp!
You hit the iron imp.
The iron imp is lightly wounded.
The iron imp hits you. The iron imp barely misses you.
You hit the iron imp.
You tail-slap the iron imp, but do no damage.
The iron imp is lightly wounded.
The iron imp closely misses you.
You barely miss the iron imp.
The iron imp is moderately wounded.
The iron imp hits you.
You hit the iron imp.
The iron imp is heavily wounded.
The iron imp hits you. The iron imp completely misses you.
You closely miss the iron imp.
The iron imp is heavily wounded.
The iron imp hits you. x2
You closely miss the iron imp.
The iron imp is heavily wounded.
The iron imp hits you.
The iron imp hits you but does no damage.
You hit the iron imp.
Your tail-slap misses the iron imp.
The iron imp is almost dead.
The iron imp hits you. The iron imp hits you!
* * * LOW HITPOINT WARNING * * *
You are too injured to fight recklessly!
You hit the iron imp but do no damage.
The iron imp is almost dead.
The iron imp hits you!
* * * LOW HITPOINT WARNING * * *
The iron imp hits you!
You die...

...# ......≈
......!...≈≈§§...#
....#.....≈≈.....#
....#...!≈8..._..#
....#.....≈≈.$...#
....#.....≈≈.....#
##.........≈≈.§..#
..$.<.......≈§≈≈5#
.............≈≈≈@#
............§..5.#
.....#############
....[....
..........
..........
..........
..........
..........


You could see 2 iron imps.

Vanquished Creatures
  An iron imp (D:3)
  A worm (D:2)
  2 dart slugs (D:2)
  6 endoplasms
  A giant cockroach (D:1)
  4 goblins
  A hobgoblin (D:1)
  6 quokkas
  5 ball pythons
  3 bats (D:2)
  3 frilled lizards
  5 kobolds
  6 rats
44 creatures vanquished.

Notes
Turn   | Place    | Note
-------+----------+-------------------------------------------
     0 | D:1      | CInkIbrahim the Armataur Berserker began the quest for the
                  | Orb.
     0 | D:1      | Reached XP level 1. HP: 19/19 MP: 1/1
    57 | D:1      | Reached skill level 3 in Long Blades
    82 | D:1      | Reached XP level 2. HP: 18/26 MP: 2/2
   163 | D:1      | Found Ycaleat's Jewellery Shop.
   385 | D:1      | Found Oxzy's Book Boutique.
   616 | D:2      | Reached XP level 3. HP: 24/32 MP: 3/3
   730 | D:2      | Reached skill level 4 in Long Blades
   730 | D:2      | Reached ** piety under Trog
  1183 | D:3      | Found a burning altar of Makhleb.
  1192 | D:3      | Reached XP level 4. HP: 39/39 MP: 4/4
  1202 | D:3      | Mangled by an iron imp

Illustrated notes

Levels and vault maps discovered:
D:1:      dpeg_arrival_solitude, layout_basic, serial_shops, shop,
          shop_fountains
D:2:      layout_basic, st_stairs_1
D:3:      layout_rooms, amcnicky_altar_gilded, demons_altar

Skill      XL: |  1  2  3 |
---------------+----------+-----
Long Blades    | 3 4 |  4.6
Fighting       | |  2.6
Armour         | |  2.4
Dodging        | |  1.3

Action                     |  1- 3 |  4- 6 || total
---------------------------+-------+-------++-------
  Melee: Falchion          |   130 |     9 ||   139
         Punch             |     2 |       ||     2
         Tailslap          |     8 |     1 ||     9
    Use: Scroll            |     5 |       ||     5
   Stab: Sleeping          |     4 |       ||     4
 Armour: Animal skin       |    43 |     1 ||    44
  Dodge: Dodged            |    57 |     3 ||    60
